 Dungeon Crawl Stone Soup version 0.21.0-24-g2553a33 (webtiles) character file.

2224 HammerPanzer the Basher (level 9, -1/83 HPs)
             Began as a Minotaur Berserker on Jan 19, 2018.
             Was a High Priest of Trog.
             Killed by nerve-wracking pain
             ... invoked by Menkaure
              (7 damage)
             ... on level 7 of the Dungeon.
             The game lasted 00:27:24 (7220 turns).

HammerPanzer the Basher (Minotaur Berserker)        Turns: 7220, Time: 00:27:24

Health: -1/83      AC: 10    Str: 29    XL:     9   Next: 13%
Magic:  8/8        EV:  8    Int:  6    God:    Trog [*****.]
Gold:   243        SH:  8    Dex:  9    Spells: 8/8 levels left

rFire    . . .     SeeInvis +   a - +1 mace
rCold    + . .     Gourm    .   p - +0 shield
rNeg     . . .     Faith    .   t - +1 scale mail {rC+}
rPois    .         Spirit   .   (helmet restricted)
rElec    .         Reflect  .   (no cloak)
rCorr    .         Harm     .   (no gloves)
MR       .....                  o - +2 pair of boots
Stlth    ..........             (no amulet)
HPRegen  0.23/turn              v - ring of see invisible
MPRegen  0.11/turn              (no ring)

@: mighty, very slightly contaminated
A: retaliatory headbutt, horns 2
a: Berserk, Trog's Hand, Brothers in Arms, Burn Spellbooks, Renounce Religion


You were on level 7 of the Dungeon.
You worshipped Trog.
Trog was extremely pleased with you.
You were hungry.

You visited 1 branch of the dungeon, and saw 8 of its levels.

You collected 243 gold pieces.

Inventory:

Hand Weapons
 a - a +1 mace (weapon)
Armour
 o - a +2 pair of boots (worn)
 p - a +0 shield (worn)
 t - a +1 scale mail of cold resistance (worn)
Jewellery
 g - an uncursed amulet of rage {unknown}
 v - a ring of see invisible (left hand)
 x - an uncursed amulet of harm
Wands
 j - a wand of flame (28)
 m - a wand of polymorph (19)
 q - a wand of paralysis (15)
Scrolls
 e - 3 scrolls of remove curse
 f - a scroll of enchant weapon
 r - a scroll of enchant armour
Potions
 b - 2 potions of magic
 h - 3 potions of might
 s - a potion of brilliance {unknown}
Comestibles
 c - 15 rations
 d - 5 chunks of flesh


   Skills:
 + Level 9.1 Fighting
 * Level 12.1 Maces & Flails
 - Level 2.4 Armour
 - Level 2.1 Dodging


You had 8 spell levels left.
You didn't know any spells.

Dungeon Overview and Level Annotations

Branches:
Dungeon (8/15)
 Temple: D:4-7         Lair: D:8-11

Altars:
Ashenzari
Hepliaklqana
Kikubaaqudgha
Wu Jian
Zin
Jiyva

Annotations:
D:7 Menkaure


Innate Abilities, Weirdness & Mutations

You reflexively headbutt those who attack you in melee.
You have a pair of horns on your head.


Message History

* * * LOW HITPOINT WARNING * * *
You flicker for a moment.
There is an open door here.
There is a stone staircase leading down here.
Menkaure is no longer moving quickly.
You climb downwards. 2 jackals, a crocodile, a shadow imp and a skeleton come into view.
The shadow imp shouts!
The jackal barks!
You hear a bark! x2
There is a stone staircase leading up here.
The jackal barks! x2
You climb upwards.
Level annotation: Menkaure Menkaure calls on the powers of darkness!
Your body is wracked with pain!
* * * LOW HITPOINT WARNING * * *
There is a stone staircase leading down here.
You flicker back into view.
Menkaure casts a spell at you. Pain shoots through your body!
You die...

#.....# #.....## #......#
####...# ### #######...#### ..#
#....##......# ..#
#.##.##......#
..########.##.##......#
.[)))...........@.M.>.#
..###########'######'## ..#
#.......##.# ..# #..))...##.#
..# #.......##.#
..#########.......+..#########
.............................##
...................##..#..##..##
..................##..###..##..#


You could see Menkaure.

Vanquished Creatures
  The ghost of Mgcat the Chopper, an amateur DsFi (D:5)
  Duvessa (D:7)
  An ice beast (D:7)
  2 ogres (D:5)
  A necrophage (D:7)
  A centaur (D:5)
  A bullfrog (D:7)
  Dowan (D:7)
  A scorpion (D:7)
  4 wights (D:5)
  A howler monkey (D:4)
  4 crimson imps
  A centaur zombie (D:7)
  4 hounds
  2 jellies (D:6)
  A bullfrog zombie (D:4)
  4 orc priests
  6 orc wizards
  A bullfrog skeleton (D:7)
  An iguana (D:3)
  2 worker ants
  Ijyb (D:4)
  A hound zombie (D:7)
  Robin (D:2)
  3 worker ant zombies
  6 gnolls
  9 adders
  2 worms
  5 dart slugs
  2 leopard geckos
  20 orcs
  8 bats
  7 giant cockroaches
  24 goblins
  6 hobgoblins
  6 jackals
  2 quokkas
  2 ball pythons
  3 frilled lizards
  11 kobolds
  12 rats
172 creatures vanquished.

Notes
Turn   | Place    | Note
-------+----------+-------------------------------------------
     0 | D:1      | HammerPanzer the Minotaur Berserker began the quest for the Orb.
     0 | D:1      | Reached XP level 1. HP: 19/19 MP: 0/0
    99 | D:1      | Found a viscous altar of Jiyva.
    99 | D:1      | Noticed a jelly
    99 | D:1      | Noticed a jelly
   103 | D:1      | Reached skill level 4 in Maces & Flails
   105 | D:1      | Noticed a jelly
   105 | D:1      | Noticed a jelly
   105 | D:1      | Noticed a jelly
   145 | D:1      | Reached XP level 2. HP: 21/27 MP: 1/1
   572 | D:1      | Reached ** piety under Trog
   572 | D:1      | Reached XP level 3. HP: 33/33 MP: 2/2
   957 | D:2      | Noticed Robin
  1227 | D:2      | Reached skill level 5 in Maces & Flails
  1229 | D:2      | Killed Robin
  1478 | D:2      | Reached XP level 4. HP: 25/41 MP: 3/3
  2060 | D:2      | Reached skill level 6 in Maces & Flails
  2214 | D:2      | Reached XP level 5. HP: 42/47 MP: 4/4
  2288 | D:2      | Reached skill level 5 in Fighting
  2356 | D:2      | Found a faded altar of an unknown god.
  2380 | D:2      | Found a glowing silver altar of Zin.
  2722 | D:3      | Reached *** piety under Trog
  2753 | D:3      | Found a shattered altar of Ashenzari.
  2977 | D:3      | Reached skill level 7 in Maces & Flails
  3122 | D:3      | Reached XP level 6. HP: 54/56 MP: 5/5
  4130 | D:4      | Reached skill level 8 in Maces & Flails
  4180 | D:4      | Noticed Ijyb
  4185 | D:4      | Paralysed by Ijyb for 6 turns
  4192 | D:4      | Killed Ijyb
  4647 | D:5      | Entered Level 5 of the Dungeon
  4647 | D:5      | Noticed Mgcat's ghost (amateur DsFi)
  4653 | D:5      | Killed Mgcat's ghost
  4653 | D:5      | Reached XP level 7. HP: 64/64 MP: 6/6
  4825 | D:5      | Reached skill level 9 in Maces & Flails
  5259 | D:5      | Reached XP level 8. HP: 69/73 MP: 7/7
  5261 | D:5      | Reached **** piety under Trog
  5274 | D:5      | Reached skill level 10 in Maces & Flails
  6782 | D:7      | Reached skill level 11 in Maces & Flails
  7006 | D:7      | Noticed Dowan
  7009 | D:7      | Noticed Duvessa
  7019 | D:7      | Killed Duvessa
  7019 | D:7      | Reached XP level 9. HP: 82/82 MP: 8/8
  7023 | D:7      | Killed Dowan
  7160 | D:7      | Reached skill level 12 in Maces & Flails
  7169 | D:7      | Reached ***** piety under Trog
  7173 | D:7      | Found a hazy altar of Hepliaklqana.
  7173 | D:7      | Found an ancient bone altar of Kikubaaqudgha.
  7174 | D:7      | Found an ornate altar of the Wu Jian Council.
  7177 | D:7      | Noticed Menkaure
  7220 | D:7      | Killed from afar by Menkaure

Skill      XL: |  1  2  3  4  5  6  7  8  9 |
---------------+----------------------------+-----
Maces & Flails | 4 5 6 7 8 9 11 12 | 12.1
Fighting       | 4 5 6 7 8 9 |  9.1
Armour         | |  2.4
Dodging        | |  2.1

Action                   |  1- 3 |  4- 6 |  7- 9 || total
-------------------------+-------+-------+-------++-------
Melee: Mace              |    66 |   122 |   191 ||   379
       Headbutt          |    11 |    21 |    41 ||    73
Invok: Berserk           |     3 |     2 |     7 ||    12
  Use: Scroll            |       |       |    17 ||    17
       Potion            |       |       |     4 ||     4
  Eat: Chunk             |     4 |     6 |     7 ||    17
       Ration            |       |     2 |     2 ||     4
Armor: Leather armour    |    26 |    20 |       ||    46
       Animal skin       |     1 |       |       ||     1
       Ring mail         |       |    24 |       ||    24
       Scale mail        |       |       |    67 ||    67
Dodge: Dodged            |    67 |    99 |    58 ||   224
Block: Shield            |       |       |    27 ||    27
